 Dungeon Crawl Stone Soup version 0.30.1-4-g462c640d31 (webtiles) character file.

Game seed: 15141132179063788234

2887 Almogavar the Fighter (level 9, -4/74 HPs)
             Began as a Gnoll Wanderer on Sept 13, 2023.
             Was a Follower of Okawaru.
             Slain by a two-headed ogre
             ... wielding a +0 giant spiked club
              (13 damage)
             ... on level 8 of the Dungeon on Sept 14, 2023.
             The game lasted 00:34:15 (9871 turns).

Almogavar the Fighter (Gnoll Wanderer)              Turns: 9871, Time: 00:34:15

Health: -4/74      AC: 13    Str: 20    XL:     9   Next: 77%
Magic:  17/19      EV: 16    Int:  9    God:    Okawaru [*.....]
Gold:   486        SH:  4    Dex: 14    Spells: 19/22 levels left

rFire   . . .        M - +2 quarterstaff (chaos)
rCold   . . .        (shield currently unavailable)
rNeg    . . .        e - +0 leather armour
rPois   .            f - +1 helmet
rElec   .            N - +1 cloak
rCorr   .            (no gloves)
SInv    .            (no boots)
Will    .....        A - amulet of the acrobat
Stlth   +++++        k - ring of wizardry
HPRegen 0.32/turn    x - +4 ring of protection
MPRegen 0.16/turn

%: acrobat, clarity, wizardry (x1)
@: heroic
A: fangs 1, strong nose, distributed training, large bone plates 1, thin
skeletal structure 1, clarity, strong 1
a: Renounce Religion, Heroism


You were on level 8 of the Dungeon.
You worshipped Okawaru.
Okawaru was aware of your devotion.
You visited 2 branches of the dungeon, and saw 9 of its levels.

You collected 486 gold pieces.

Inventory:

Hand Weapons
 a - a +0 spear
 c - a +0 dagger
 M - a +2 quarterstaff of chaos (weapon)
Missiles
 b - 5 poisoned darts (quivered)
 r - 2 javelins
 w - a curare-tipped dart
Armour
 e - a +0 leather armour (worn)
 f - a +1 helmet (worn)
 i - a +0 ring mail
 m - a +0 chain mail
 y - a +2 hat
 z - a +0 scale mail
 N - a +1 cloak (worn)
Magical Staves
 C - a staff of death
Jewellery
 k - a ring of wizardry (left hand)
 x - a +4 ring of protection (right hand)
 A - an amulet of the acrobat (around neck)
Wands
 g - a wand of flame (2)
 E - a wand of paralysis (12)
 K - a wand of acid (3)
Scrolls
 d - 2 scrolls of fog
 l - 2 scrolls of amnesia
 o - a scroll of magic mapping
 p - 2 scrolls of enchant armour
 q - a scroll of immolation
 s - a scroll of blinking {unknown}
 u - 2 scrolls of teleportation
 D - a scroll of silence {unknown}
 F - a scroll of poison {unknown}
 H - 2 scrolls of fear {unknown}
 I - a scroll of vulnerability {unknown}
Potions
 h - 2 potions of cancellation
 j - a potion of brilliance
 n - 2 potions of mutation
 t - a potion of lignification {unknown}
 v - a potion of resistance
 B - a potion of flight {unknown}
 J - a potion of heal wounds {unknown}
 L - a potion of might {unknown}


   Skills:
 + Level 8.2(13.2) Fighting
 + Level 4.7(9.7) Short Blades
 + Level 4.7(9.7) Long Blades
 + Level 4.7(9.7) Axes
 + Level 4.7(9.7) Maces & Flails
 + Level 5.4(10.4) Polearms
 + Level 4.7(9.7) Staves
 + Level 4.7(9.7) Ranged Weapons
 + Level 5.4(10.4) Throwing
 + Level 5.4(10.4) Armour
 + Level 4.7(9.7) Dodging
 + Level 4.7(9.7) Stealth
 + Level 4.7(9.7) Shields
 + Level 4.7(9.7) Unarmed Combat
 + Level 7.0 Spellcasting
 + Level 3.9 Conjurations
 + Level 3.9 Hexes
 + Level 3.9 Summonings
 + Level 3.9 Necromancy
 + Level 3.9 Translocations
 + Level 3.9 Transmutations
 + Level 3.9 Fire Magic
 + Level 5.5 Ice Magic
 + Level 3.9 Air Magic
 + Level 3.9 Earth Magic
 + Level 3.9 Poison Magic
 + Level 5.2 Invocations
 + Level 4.7 Evocations


You had 19 spell levels left.
You knew the following spells:

 Your Spells              Type           Power      Damage    Failure   Level
a - Freeze                Ice            52%        1d6       1%          1
b - Shock                 Conj/Air       40%        1d5       1%          1
c - Slow                  Hex            40%        N/A       1%          1

Your spell library contained the following spells:

 Spells                   Type           Power      Damage    Failure   Level
 Lesser Beckoning         Tloc           20%        N/A       2%          2
 Confusing Touch          Hex            10%        N/A       5%          3
 Gell's Gravitas          Tloc           10%        N/A       5%          3
 Portal Projectile        Hex/Tloc       20%        N/A       5%          3
 Swiftness                Air            10%        N/A       5%          3
 Teleport Other           Tloc           10%        N/A       5%          3
 Vampiric Draining        Necr           10%        2d6       5%          3
 Volatile Blastmotes      Fire/Tloc      20%        2d11      5%          3
 Ice Form                 Ice/Tmut       11%        N/A       13%         4
 Airstrike                Air            5%         2d(1-17)  17%         4
 Fulminant Prism          Conj/Hex       5%         3d7       17%         4
 Iskenderun's Mystic Bla  Conj/Tloc      10%        2d4       17%         4
 Leda's Liquefaction      Hex/Erth       5%         N/A       17%         4
 Lee's Rapid Deconstruct  Erth           5%         3d6*      43%         5
 Dispersal                Tloc           5%         N/A       92%         6
 Call Canine Familiar     Summ           Unusable   N/A       N/A         3
 Summon Ice Beast         Ice/Summ       Unusable   N/A       N/A         4

Dungeon Overview and Level Annotations

Branches:
Dungeon (8/15)             Temple (1/1) D:6            Lair (0/5) D:8

Altars:
Ashenzari
Cheibriados
Dithmenos
Elyvilon
Fedhas
Gozag
Hepliaklqana
Kikubaaqudgha
Makhleb
Nemelex Xobeh
Okawaru
Qazlal
Ru
Sif Muna
Trog
Uskayaw
Vehumet
Wu Jian
Xom
Yredelemnul
Zin
The Shining One

Shops:
D:2 ?   D:3 *   D:6 [*(*=

Annotations:
D:4 1 runed translucent door, Almogavar's ghost, amateur GnWn
D:8 Psyche


Innate Abilities, Weirdness & Mutations

You have very sharp teeth.
Your uncanny sense of smell can sniff out nearby items.
Your experience applies equally to all skills.
You are partially covered in large bone plates. (SH +4)
You have a somewhat thin skeletal structure. (Dex +2, Stealth+)
You possess an exceptional clarity of mind.
Your muscles are strong. (Str +4, Int/Dex -1)


Message History

You throw a poisoned dart.
The poisoned dart hits the two-headed ogre.
The two-headed ogre is poisoned.
Throw: 7 darts (poison)
Press: ? - help, Q - select action, (/) - cycle Shift-Dir - straight line, f/p - two-headed ogre
Aim: a two-headed ogre, wielding a +0 giant spiked club and a +0 giant club (poisoned, 78% to hit)
You throw a poisoned dart.
The poisoned dart barely misses the two-headed ogre.
Throw: 6 darts (poison)
Press: ? - help, Q - select action, (/) - cycle Shift-Dir - straight line, f/p - two-headed ogre
Aim: a two-headed ogre, wielding a +0 giant spiked club and a +0 giant club (poisoned, 78% to hit)
You throw a poisoned dart.
The poisoned dart barely misses the two-headed ogre.
The centaur shouts!
You gain the combat prowess of a mighty hero.
The centaur wields a +0 shortbow.
The centaur shoots an arrow.
The arrow hits you!
You hit the two-headed ogre. You burn the two-headed ogre.
You bite the two-headed ogre.
The two-headed ogre is moderately wounded.
The two-headed ogre hits you with a +0 giant spiked club!!
The two-headed ogre hits you with a +0 giant club!
You sock the two-headed ogre! You freeze the two-headed ogre.
The two-headed ogre is heavily wounded.
The centaur shoots an arrow.
You block the arrow.
You hit the two-headed ogre. You burn the two-headed ogre.
Your bite misses the two-headed ogre.
The two-headed ogre is heavily wounded.
The centaur shoots an arrow.
The arrow barely misses you. The two-headed ogre barely misses you.
The two-headed ogre hits you with a +0 giant club!
* * * LOW HITPOINT WARNING * * *
The centaur shoots an arrow.
The arrow hits you.
* * * LOW HITPOINT WARNING * * *
You hit the two-headed ogre.
The two-headed ogre seems to speed up.
The two-headed ogre is severely wounded.
The centaur shoots an arrow.
The arrow hits you.
* * * LOW HITPOINT WARNING * * *
The two-headed ogre hits you with a +0 giant spiked club!
You die...

,,,*,,,,,,,,,,,,*,,,,,*,*******,,
,,,*,,,,,,,,,,,,*.....#,*,,,,,*,,
,,,*,,,,,,,,,∆,,*.....#,*,,,,,***
,,,*,,,,,,,,,,,,*.....#,*,,∩,,+,,
,,,+,,,,,,,,,,,,*.....#,*,,,,,***
,,,*,,,,,,,,,,,,*.....#,*,,,,,*,,
********+*####+##.....##*******,,
,,,**,,,,,#.............,,,,,,,**
,,,*,,,,,∆#.....@O..(..(>,,,,,,*,
,,,*,,,,,,#.............,,,,,,,*,
,,,*,,,,,,#?............,,,,,,,*,
,,,+,,,,,,#..c..........,,,,,,,*,
,,,*,,,,,,#........#####********,
,,,*,,,,,,+........#,,,,,,*,,,,+,
,,,*,,,,,,#........#,,,,,,*,,,,*,
,,,*,,,**,#........#,,,,,,+,,,**,
,,,*,,,**,***,,,,,,********,,,**,


You could see a two-headed ogre (fast, poisoned) and a centaur.

Vanquished Creatures
  Maurice (D:7)
  A wyvern (D:7)
  A steam dragon (D:7)
  A vampire mosquito (D:8)
  Menkaure (D:7)
  A water moccasin (D:5)
  5 ice beasts (D:7)
  A black bear (D:7)
  A sky beast (D:7)
  2 ogres (D:5)
  2 phantoms
  Blork the orc (D:6)
  2 bullfrogs (D:7)
  A gnoll sergeant (D:5)
  3 howler monkeys (D:7)
  Crazy Yiuf (D:7)
  2 jellies (D:7)
  A gnoll bouda (D:6)
  2 hounds
  An orc priest (D:5)
  A sleepcap (D:5)
  4 iguanas
  An orc wizard (D:5)
  Robin (D:2)
  6 gnolls
  5 adders
  3 white imps
  A worm (D:2)
  4 dart slugs
  15 orcs
  9 ball pythons
  11 endoplasms
  4 giant cockroaches
  11 goblins
  7 hobgoblins
  2 jackals (D:2)
  2 quokkas
  5 bats
  5 frilled lizards
  11 kobolds
  11 rats
150 creatures vanquished.

Notes
Turn   | Place    | Note
-------+----------+-------------------------------------------
     0 | D:1      | Almogavar the Gnoll Wanderer began the quest for the Orb.
     0 | D:1      | Almogavar set off with the following items: a +0 spear, 11
                  | poisoned darts, a +0 dagger, a scroll of fog, a +0 leather
                  | armour; and the following spell memorised: Freeze; and the
                  | following spells available to memorise: Ice Form, Summon
                  | Ice Beast.
     0 | D:1      | Reached XP level 1. HP: 23/23 MP: 6/6
   161 | D:1      | Reached XP level 2. HP: 28/29 MP: 7/7
   424 | D:1      | Reached skill level 5 in Spellcasting
   424 | D:1      | Reached XP level 3. HP: 27/35 MP: 7/9
   923 | D:2      | Reached skill level 1 in Invocations
   928 | D:2      | Reached skill level 1 in Short Blades
   928 | D:2      | Reached skill level 1 in Long Blades
   928 | D:2      | Reached skill level 1 in Axes
   928 | D:2      | Reached skill level 1 in Maces & Flails
   928 | D:2      | Reached skill level 1 in Staves
   928 | D:2      | Reached skill level 1 in Ranged Weapons
   928 | D:2      | Reached skill level 1 in Dodging
   928 | D:2      | Reached skill level 1 in Stealth
   928 | D:2      | Reached skill level 1 in Shields
   928 | D:2      | Reached skill level 1 in Unarmed Combat
   928 | D:2      | Reached skill level 1 in Evocations
  1043 | D:2      | Noticed Robin
  1062 | D:2      | Reached XP level 4. HP: 13/41 MP: 8/11
  1085 | D:2      | HP: 1/41 [Robin/+0 dagger (2)]
  1087 | D:2      | Killed Robin
  1088 | D:2      | Reached skill level 1 in Conjurations
  1088 | D:2      | Reached skill level 1 in Hexes
  1088 | D:2      | Reached skill level 1 in Summonings
  1088 | D:2      | Reached skill level 1 in Necromancy
  1088 | D:2      | Reached skill level 1 in Translocations
  1088 | D:2      | Reached skill level 1 in Transmutations
  1088 | D:2      | Reached skill level 1 in Fire Magic
  1088 | D:2      | Reached skill level 1 in Air Magic
  1088 | D:2      | Reached skill level 1 in Earth Magic
  1088 | D:2      | Reached skill level 1 in Poison Magic
  1091 | D:2      | HP: 2/41 [hobgoblin[Robin] (4)]
  1347 | D:2      | HP: 2/41 [worm (10)]
  1623 | D:2      | Found Uhuomp's Magic Scroll Boutique.
  2019 | D:2      | Found a faded altar of an unknown god.
  2573 | D:3      | Found Mutea's Assorted Antiques.
  2752 | D:3      | Reached XP level 5. HP: 47/47 MP: 10/12
  3873 | D:4      | Found a runed translucent door.
  3883 | D:4      | Noticed Almogavar's ghost (amateur GnWn)
  4421 | D:5      | Entered Level 5 of the Dungeon
  4421 | D:5      | Noticed an ogre
  4521 | D:5      | Killed an ogre
  4522 | D:5      | Reached XP level 6. HP: 12/53 MP: 4/14
  4703 | D:5      | Identified the +0 robe of the Okapi {+Inv Dex+2 Slay-2}
  5069 | D:5      | Gained mutation: You have hidden genetic potential. [potion
                  | of mutation]
  5069 | D:5      | Gained mutation: You are partially covered in large bone
                  | plates. (SH +4) [potion of mutation]
  5069 | D:5      | Gained mutation: You possess an exceptional clarity of
                  | mind. [potion of mutation]
  5090 | D:5      | Reached skill level 7 in Fighting
  5090 | D:5      | Reached XP level 7. HP: 13/60 MP: 15/15
  5522 | D:5      | Gained mutation: Your muscles are strong. (Str +4, Int/Dex
                  | -1) [hidden potential]
  5764 | D:5      | Found a shadowy altar of Dithmenos.
  5764 | D:5      | Found an ornate altar of the Wu Jian Council.
  5765 | D:5      | Found a white marble altar of Elyvilon.
  6227 | D:6      | Found Epockino's Jewellery Shop.
  6352 | D:6      | Found Hoxoho's Assorted Antiques.
  6409 | D:6      | Found Lanadu's Armour Emporium.
  6486 | D:6      | Reached XP level 8. HP: 67/67 MP: 16/16
  6489 | D:6      | Found Hazalaipo's Assorted Antiques.
  6683 | D:6      | Found a staircase to the Ecumenical Temple.
  6693 | Temple   | Entered the Ecumenical Temple
  6773 | Temple   | Became a worshipper of Warmaster Okawaru
  6977 | D:6      | Noticed Blork the orc
  6984 | D:6      | Killed Blork the orc
  7011 | D:6      | Found Veum's Antique Weapon Boutique.
  7369 | D:7      | Gained mutation: You have a somewhat thin skeletal
                  | structure. (Dex +2, Stealth+) [hidden potential]
  7369 | D:7      | Lost mutation: You have hidden genetic potential. [hidden
                  | potential expressed]
  7615 | D:7      | Noticed a wyvern
  7732 | D:7      | Killed a wyvern
  7732 | D:7      | Reached * piety under Okawaru
  7733 | D:7      | Reached skill level 5 in Ice Magic
  8031 | D:7      | Noticed Menkaure
  8037 | D:7      | Killed Menkaure
  8038 | D:7      | Reached XP level 9. HP: 73/73 MP: 18/18
  8069 | D:7      | Reached skill level 5 in Polearms
  8069 | D:7      | Reached skill level 5 in Throwing
  8069 | D:7      | Reached skill level 5 in Armour
  8196 | D:7      | Reached ** piety under Okawaru
  8231 | D:7      | Reached skill level 8 in Fighting
  8434 | D:7      | Found a runed translucent door.
  8435 | D:7      | Noticed Crazy Yiuf
  8937 | D:7      | Killed Crazy Yiuf
  8961 | D:7      | Learned a level 1 spell: Shock
  8963 | D:7      | Learned a level 1 spell: Slow
  9024 | D:8      | Noticed Psyche
  9042 | D:8      | Reached skill level 5 in Invocations
  9107 | D:8      | Noticed Maurice
  9162 | D:7      | HP: 2/74 [something (9)]
  9592 | D:7      | Killed Maurice
  9863 | D:8      | Noticed a two-headed ogre
  9871 | D:8      | Slain by a two-headed ogre

Illustrated notes

Levels and vault maps discovered:
D:1:      wander_arrival_lonely_grave, layout_loops_ring
D:2:      minmay_skewed_foursquare, layout_basic, basic_ecumenical_altar,
          serial_shops, nicolae_square_shop, uniq_robin
D:3:      layout_basic, serial_shops, shop, grunt_ministairs_8
D:4:      wad_crossroads, layout_basic, ebering_ghost_inner_flame
D:5:      layout_layer_cave, gammafunk_temple_overflow_claw
D:6:      layout_basic, minmay_temple_entry_sparse_star, serial_shops,
          nicolae_shop_statue_plus, shop, nicolae_shop_back_alley_shop,
          nicolae_shop_temple_entry_statues_fountains, shop,
          kennysheep_generic_room_3, uniq_blork_the_orc
D:7:      layout_loops_corners, serial_glass, glass_columns_c, glass_columns_a,
          grunt_ministairs_6, uniq_crazy_yiuf_cottage, uniq_menkaure
D:8:      layout_gridville, erik_lair_island, enter_bailey_7, kennysheep_boxes,
          uniq_psyche, uniq_maurice
Temple:   compressed_dpeg_triangle_lava_temple

Skill      XL: |  1  2  3  4  5  6  7  8  9 |
---------------+----------------------------+-----
Spellcasting   | 5 6 7 |  7.0
Invocations    | 1 2 3 4 5 |  5.2
Short Blades   | 1 2 3 4 |  4.7
Long Blades    | 1 2 3 4 |  4.7
Axes           | 1 2 3 4 |  4.7
Maces & Flails | 1 2 3 4 |  4.7
Staves         | 1 2 3 4 |  4.7
Ranged Weapons | 1 2 3 4 |  4.7
Dodging        | 1 2 3 4 |  4.7
Stealth        | 1 2 3 4 |  4.7
Shields        | 1 2 3 4 |  4.7
Unarmed Combat | 1 2 3 4 |  4.7
Evocations     | 1 2 3 4 |  4.7
Conjurations   | 1 2 3 |  3.9
Hexes          | 1 2 3 |  3.9
Summonings     | 1 2 3 |  3.9
Necromancy     | 1 2 3 |  3.9
Translocations | 1 2 3 |  3.9
Transmutations | 1 2 3 |  3.9
Fire Magic     | 1 2 3 |  3.9
Air Magic      | 1 2 3 |  3.9
Earth Magic    | 1 2 3 |  3.9
Poison Magic   | 1 2 3 |  3.9
Polearms       | 3 4 5 |  5.4
Throwing       | 3 4 5 |  5.4
Armour         | 3 4 5 |  5.4
Ice Magic      | 4 5 |  5.5
Fighting       | 7 8 |  8.2

Action                     |  1- 3 |  4- 6 |  7- 9 || total
---------------------------+-------+-------+-------++-------
  Melee: Spear             |    90 |   171 |   235 ||   496
         Bite              |     3 |    12 |    27 ||    42
         Punch             |     1 |     1 |    11 ||    13
         Quarterstaff      |       |       |    32 ||    32
  Throw: Dart              |     5 |    26 |    47 ||    78
         Javelin           |       |       |    25 ||    25
         Throwing net      |       |       |     1 ||     1
   Cast: Freeze            |    13 |    74 |    74 ||   161
         Shock             |       |       |     3 ||     3
 Invoke: Heroism           |       |       |     5 ||     5
    Use: Potion            |       |     4 |     1 ||     5
         Scroll            |       |     1 |     9 ||    10
   Stab: Sleeping          |       |     7 |     6 ||    13
         Distracted        |       |     2 |       ||     2
         Held in net/web   |       |       |     1 ||     1
 Armour: Leather armour    |    20 |    39 |    95 ||   154
  Dodge: Dodged            |    38 |    87 |   178 ||   303
  Block: Other             |       |     1 |    47 ||    48
